 Dungeon Crawl Stone Soup version 0.18.1-6-gd335043 (webtiles) character file.

91 IcyTea the Stinger (level 4, -1/21 HPs)
             Began as a Spriggan Venom Mage on May 16, 2016.
             Killed from afar by an orc wizard (6 damage)
             ... with a magic dart
             ... on level 3 of the Dungeon.
             The game lasted 00:11:48 (2625 turns).

IcyTea the Stinger (Spriggan Venom Mage)            Turns: 2625, Time: 00:11:49

Health: -1/21      AC:  3    Str:  5    XL:     4   Next: 34%
Magic:  0/9        EV: 18    Int: 16    God:
Gold:   108        SH:  0    Dex: 16    Spells: 3 memorised, 2 levels left

rFire  . . .     SeeInvis +     j - +2 dagger (venom)
rCold  . . .     Gourm    .     a - +1 robe
rNeg   . . .     Faith    .     (shield restricted)
rPois  .         Spirit   .     (helmet restricted)
rElec  .         Dismiss  .     (no cloak)
rCorr  .         Reflect  .     (gloves unavailable)
SustAt .         Harm     .     (boots unavailable)
MR     .....                    (no amulet)
Stlth  +++.......               (no ring)
                                (no ring)

@: very slightly contaminated, very quick, not resistant to hostile
enchantments, fairly stealthy
A: unfitting armour, see invisible, herbivore 3, speed 3, slow metabolism 2
a: no special abilities


You were on level 3 of the Dungeon.
You were not hungry.

You visited 1 branch of the dungeon, and saw 3 of its levels.

You collected 108 gold pieces.

Inventory:

Hand Weapons
 j - a +2 dagger of venom (weapon)
Armour
 a - a +1 robe (worn)
Scrolls
 e - a scroll of identify {unknown}
 f - a scroll of blinking {unknown}
 h - a scroll of teleportation {unknown}
Potions
 d - a potion of lignification
 g - a potion of agility
Books
 b - a Young Poisoner's Handbook

   Spells                             Type                      Level
   a - Sting                          Conjuration/Poison           1
   b - Cure Poison                    Poison                       2
   c - Mephitic Cloud                 Conjuration/Poison/Air       3
   d - Olgreb's Toxic Radiance        Poison                       4
   e - Venom Bolt                     Conjuration/Poison           5
Comestibles
 c - 2 bread rations


   Skills:
 - Level 3.0 Dodging
 - Level 3.0 Stealth
 - Level 2.6 Spellcasting
 + Level 1.5 Air Magic
 - Level 5.4 Poison Magic


You had 2 spell levels left.
You knew the following spells:

 Your Spells              Type           Power        Failure   Level  Hunger
a - Sting                 Conj/Pois      ##..         10%         1    #......
b - Cure Poison           Pois           ###.......   3%          2    ##.....
c - Mephitic Cloud        Conj/Pois/Air  #.......     21%         3    ###....


Dungeon Overview and Level Annotations

Branches:
Dungeon (3/15)

Altars:
Okawaru
Ru
The Shining One


Innate Abilities, Weirdness & Mutations

You are tiny and cannot use many weapons and most armour.
You have supernaturally acute eyesight.
You are a herbivore.
You cover ground extremely quickly.
You need consume almost no food.


Message History

Casting: Sting
Confirm with . or Enter, or press ? or * to list all spells.
Aiming: Sting
Press: ? - help, Shift-Dir - straight line, f/p - orc wizard
Aim: an orc wizard, wielding a dagger and wearing a robe (heavily wounded, fast, poisoned, slightly transparent)
The sting hits the orc wizard.
The orc wizard looks even sicker.
The orc wizard is heavily wounded.
The orc wizard hits you with a dagger.
* * * LOW HITPOINT WARNING * * *
You hit the orc wizard but do no damage.
The orc wizard looks even sicker.
The orc wizard is severely wounded.
The orc wizard casts a spell at you. The magic dart hits you!
* * * LOW HITPOINT WARNING * * *
The orc wizard gestures at you while chanting.
The puff of flame misses you. The orc wizard casts a spell at you.
The magic dart hits you!
You die...

####### #
#.....#
#.##.....#
.........#
#.....#
#...<.#
###.###
#.@.#
###...###
##.
#...#o).#
.. ######
#..###..#
.###...o.#
#...#...#
...#.o..o#
###...###
.......?o#
###...##
...#.....#
#.o....#
...#.....#
#.##.#.#


You could see an orc wizard (invisible).

Vanquished Creatures
  Terence (D:2)
  Robin (D:3)
  A worm (D:3)
  A dart slug (D:1)
  2 giant geckos
  An orc (D:3)
  3 giant cockroaches
  10 goblins
  10 hobgoblins
  2 jackals (D:2)
  5 kobolds
  2 bats
  4 giant newts
  5 rats
48 creatures vanquished.

Notes
Turn   | Place    | Note
--------------------------------------------------------------
     0 | D:1      | IcyTea the Spriggan Venom Mage began the quest for the Orb.
     0 | D:1      | Reached XP level 1. HP: 9/9 MP: 5/5
   402 | D:1      | Reached XP level 2. HP: 13/13 MP: 2/6
   438 | D:1      | Learned a level 2 spell: Cure Poison
  1405 | D:2      | Noticed Terence
  1421 | D:2      | Killed Terence
  1421 | D:2      | Reached skill level 5 in Poison Magic
  1421 | D:2      | Reached XP level 3. HP: 16/16 MP: 2/8
  1757 | D:2      | Found a sacrificial altar of Ru.
  1982 | D:2      | Learned a level 3 spell: Mephitic Cloud
  2487 | D:3      | Noticed Robin
  2494 | D:3      | Found a glowing golden altar of the Shining One.
  2494 | D:3      | Found an iron altar of Okawaru.
  2495 | D:3      | Found a sacrificial altar of Ru.
  2501 | D:3      | Reached XP level 4. HP: 21/21 MP: 4/9
  2547 | D:3      | Reached skill level 1 in Air Magic
  2594 | D:3      | Killed Robin
  2625 | D:3      | Killed from afar by an orc wizard

Skill      XL: |  1  2  3  4 |
---------------+-------------+-----
Poison Magic   | 5 |  5.4
Air Magic      | 1 |  1.5
Dodging        | |  3.0
Stealth        | |  3.0
Spellcasting   | |  2.6

Action                   |  1- 3 |  4- 6 || total
-------------------------+-------+-------++-------
Melee: Club              |    12 |       ||    12
       Dagger            |    61 |    14 ||    75
       Short sword       |    11 |     6 ||    17
 Cast: Sting             |    55 |     6 ||    61
       Mephitic Cloud    |       |     1 ||     1
  Use: Potion            |     6 |       ||     6
       Scroll            |     3 |       ||     3
 Stab: Sleeping          |     8 |       ||     8
Armor: Robe              |    14 |     3 ||    17
Dodge: Dodged            |    91 |    13 ||   104
